 Dungeon Crawl Stone Soup version 0.28.0-47-ge53b351184 (webtiles) character file.

Game seed: 9650574908724551730

69 101zpm the Magician (level 4, 0/31 HPs)
             Began as a Djinni Ice Elementalist on Apr 26, 2022.
             Slain by a gnoll
             ... wielding a +0 club
              (2 damage)
             ... on level 4 of the Dungeon.
             The game lasted 00:02:41 (2039 turns).

101zpm the Magician (Djinni Ice Elementalist)       Turns: 2039, Time: 00:02:42

Health: 0/31       AC:  2    Str:  7    XL:     4   Next: 42%
Gold:   78         EV: 12    Int: 18    God:
                   SH:  0    Dex: 14

rFire   + + .      SeeInvis .   (no weapon)
rCold   x . .      Faith    .   (no shield)
rNeg    . . .      Spirit   .   a - +0 robe
rPois   ∞          Reflect  .   (no helmet)
rElec   .          Harm     .   (no cloak)
rCorr   .          Rampage  .   (no gloves)
Will    .....                   (boots unavailable)
Stlth   ++........              (no amulet)
HPRegen 0.10/turn               (no ring)
MPRegen 0.00/turn               (no ring)

@: flying
A: sickness immunity, fire resistance 2, cold vulnerability 1, float, innate
caster, HP casting, extra vitality 1
a: no special abilities


You were on level 4 of the Dungeon.
You visited 1 branch of the dungeon, and saw 4 of its levels.

You collected 78 gold pieces.

Inventory:

Armour
 a - a +0 robe (worn)
Wands
 j - a wand of flame (15)
Scrolls
 b - a scroll of vulnerability {unknown}
 c - a scroll of acquirement {unknown}
 g - a scroll of identify {unknown}
 i - a scroll of teleportation {unknown}
Potions
 d - 2 potions of flight {unknown}
 e - a potion of haste {unknown}
 f - a potion of brilliance {unknown}
 h - a potion of resistance {unknown}


   Skills:
 + Level 2.5 Dodging
 + Level 1.7 Stealth
 + Level 4.3 Spellcasting


You couldn't memorise any spells.
You knew the following spells:

 Your Spells              Type           Power      Damage    Failure   Level
a - Freeze                Ice            76%        1d9       2%          1
b - Frozen Ramparts       Ice            38%        1d5       8%          3
c - Ozocubu's Armour      Ice            19%        N/A       8%          3
d - Hailstorm             Conj/Ice       19%        3d6       24%         4
e - Pain                  Necr           76%        1d7       2%          1
Your spell library was empty.

Dungeon Overview and Level Annotations

Branches:
Dungeon (4/15)
 Temple: D:4-7

Altars:
Uskayaw
Wu Jian
Xom


Innate Abilities, Weirdness & Mutations

You are immune to sickness and miasma.
You are immune to poison.
Your flesh is very heat resistant. (rF++)
You are vulnerable to cold. (rC-)
You float through the air rather than walking.
You learn spells naturally, not from books.
Your magical power is your life essence.
You have superior vitality. (+4 MHP)


Message History

The gnoll closely misses you.
Things that are here:
a +0 flail; a gnoll corpse You freeze the gnoll.
The gnoll is lightly wounded.
The gnoll completely misses you.
You freeze the gnoll!
The gnoll is severely wounded.
The gnoll hits you with a +0 spear.
You freeze the gnoll.
The gnoll is almost dead.
The gnoll hits you with a +0 spear.
A gnoll comes into view. It is wielding a +0 club.
You freeze the gnoll.
The gnoll is almost dead.
The gnoll hits you with a +0 spear!
* * * LOW HITPOINT WARNING * * *
Aiming: Freeze (safe; 2% risk of failure)
Press: ? - help, Q - select action, (/) - cycle Shift-Dir - straight line, f/p - gnoll
Aim: a gnoll, wielding a +0 spear (almost dead)
You freeze the gnoll.
You kill the gnoll!
* * * LOW HITPOINT WARNING * * *
You hit the gnoll but do no damage. The gnoll hits you with a +0 club.
* * * LOW HITPOINT WARNING * * *
Aiming: Freeze (safe; 2% risk of failure)
Press: ? - help, Q - select action, (/) - cycle Shift-Dir - straight line, f - gnoll
Aim: a gnoll, wielding a +0 club You freeze the gnoll.
The gnoll is moderately wounded.
* * * LOW HITPOINT WARNING * * *
The gnoll barely misses you.
Aiming: Freeze (safe; 2% risk of failure)
Press: ? - help, Q - select action, (/) - cycle Shift-Dir - straight line, f/p - gnoll
Aim: a gnoll, wielding a +0 club (moderately wounded)
You freeze the gnoll.
The gnoll is moderately wounded.
* * * LOW HITPOINT WARNING * * *
The gnoll hits you with a +0 club.
You die...

### #.. #.#
#.### #.#..
#)#.# #@#.#
#g#.#
#.#.######. #
# #.)........
#..#.
###..######
#.....#####..#
#.....†.....<#
###...########
##.


You could see a gnoll.

Vanquished Creatures
  2 gnolls (D:4)
  An adder (D:3)
  2 worms (D:2)
  A dart slug (D:3)
  3 bats
  5 endoplasms
  2 giant cockroaches (D:3)
  2 goblins (D:2)
  2 jackals (D:3)
  A kobold (D:3)
  2 quokkas
  4 ball pythons
  4 frilled lizards
  2 rats (D:3)
33 creatures vanquished.

Notes
Turn   | Place    | Note
-------+----------+-------------------------------------------
     0 | D:1      | 101zpm the Djinni Ice Elementalist began the quest for the
                  | Orb.
     0 | D:1      | Reached XP level 1. HP: 15/15 MP: 0/0
   163 | D:2      | Reached XP level 2. HP: 12/21 MP: 0/0
   701 | D:2      | Reached XP level 3. HP: 14/25 MP: 0/0
   701 | D:2      | Learned a level 1 spell: Pain
  1102 | D:3      | Reached skill level 4 in Spellcasting
  1689 | D:3      | Found an ornate altar of the Wu Jian Council.
  1689 | D:3      | Found a shimmering altar of Xom.
  1689 | D:3      | Found a hide-covered altar of Uskayaw.
  1873 | D:3      | Reached XP level 4. HP: 25/31 MP: 0/0
  2039 | D:4      | Slain by a gnoll

Illustrated notes

Levels and vault maps discovered:
D:1:      nzn_arrival_crosshair, layout_basic,
          dreamdust_ecumenical_altar_angels_and_demons
D:2:      layout_basic, minmay_misc_feat_tiny, minmay_cut_off
D:3:      layout_basic, chequers_temple_overflow_statue_of_worship
D:4:      layout_loops_ring, gammafunk_ghost_necromancy, uniq_pikel,
          uniq_edmund, uniq_duvessa, uniq_menkaure

Skill      XL: |  1  2  3 |
---------------+----------+-----
Spellcasting   | 4 |  4.3
Dodging        | |  2.5
Stealth        | |  1.7

Action                   |  1- 3 |  4- 6 || total
-------------------------+-------+-------++-------
Melee: Unarmed           |     1 |     1 ||     2
 Cast: Freeze            |    51 |    10 ||    61
Armor: Robe              |     7 |       ||     7
Dodge: Dodged            |    28 |     5 ||    33
